Map: [TLMC14] Blackburn

Players

Dark

  • Race: Zerg Zerg

Maru - Winner!

  • Race: Terran Terran

Event: DreamHack SC2 Masters 2021 Winter

VOD

Have the link to the VOD?

Description

Time

  • Played on: Nov. 13, 2021, 11:04 a.m.
  • Length: 18:12

All games in this series

Show
View Real Time Build Order
Export as new Build Order

Dark Zerg 

Build Orders: Hatch First, Lurkers 

Get SALT Encoding   

  12  0:00  Drone  
  13  0:12  Overlord  
  13  0:17  Drone  
  14  0:30  Drone x2  
  16  0:48  Hatchery  
  15  0:53  Drone  
  15  0:55  Drone  
  17  1:01  Drone  
  18  1:15  Spawning Pool  
  18  1:17  Drone  
  18  1:27  Drone  
  18  1:28  Drone  
  20  1:39  Drone  
  21  1:52  Drone  
  22  2:02  Queen x2  
  22  2:04  Zergling x2  
  22  2:05  Zergling x2  
  28  2:12  Overlord  
  28  2:31  Drone x3  
  28  2:33  Drone x2  
  32  2:45  Hatchery  
  32  2:47  Queen  
  33  2:51  Overlord  
  33  2:54  Drone  
  33  2:56  Drone  
  33  2:58  Drone  
  36  3:11  Drone x2  
  38  3:16  Drone x2  
  38  3:18  Drone x3  
  38  3:19  Extractor  
  42  3:21  Extractor  
  42  3:23  Queen  
  43  3:27  Zergling x2  
  43  3:29  Overlord  
  43  3:34  Roach Warren  
  43  3:38  Zergling x2  
  44  3:48  Drone x5  
  49  3:55  Drone x2  
  51  3:59  Overlord  
  51  4:01  Queen  
  53  4:04  Overlord  
  53  4:05  Overlord  
  53  4:15  Spore Crawler  
  53  4:16  Roach x3  
  58  4:23  Roach x2  
  58  4:24  Roach  
  64  4:26  Roach  
  64  4:30  Roach  
  70  4:31  Drone x2  
  70  4:34  Drone  
  70  4:35  Drone  
  70  4:36  Drone  
  73  4:38  Drone  
  73  4:44  Overlord  
  74  4:46  Overlord  
  74  4:49  Lair  
  74  4:53  Extractor x2  
  72  5:02  Drone x7  
  72  5:04  Drone  
  72  5:06  Drone  
  81  5:08  Overlord  
  81  5:12  Overlord  
  81  5:15  Overlord  
  81  5:18  Metabolic Boost  
  81  5:19  Drone  
  82  5:22  Overlord  
  82  5:27  Drone x2, Overlord  
  84  5:32  Drone x3  
  84  5:34  Drone  
  84  5:38  Drone x2  
  84  5:39  Drone  
  84  5:41  Drone  
  84  5:43  Drone x3  
  84  5:47  Drone x2  
  87  5:54  Roach x3  
  87  5:55  Roach  
  89  5:57  Glial Reconstitution  
  89  6:00  Evolution Chamber  
  89  6:01  Evolution Chamber, Extractor x2  
  89  6:02  Drone x2  
  87  6:06  Drone x2  
  87  6:08  Drone x2  
  91  6:15  Hatchery  
  91  6:18  Drone x2  
  92  6:20  Infestation Pit  
  92  6:21  Hydralisk Den  
  90  6:34  Roach x8  
  90  6:39  Drone x4  
  110  6:42  Zerg Missile Weapons Level 1  
  110  6:46  Zerg Ground Armor Level 1  
  110  6:53  Roach x5  
  120  7:02  Hive  
  120  7:05  Lurker Den  
  120  7:07  Roach  
  120  7:08  Overlord, Extractor x2  
  120  7:09  Overlord x2  
  120  7:12  Spore Crawler  
  118  7:19  Infestor x2  
  118  7:20  Overlord  
  122  7:27  Drone x5  
  122  7:29  Roach x3  
  133  7:30  Zergling x6  
  133  7:33  Zergling x4  
  133  7:34  Zergling x2  
  139  7:42  Ravager x2  
  139  7:43  Ravager x2  
  143  7:47  Drone  
  144  7:53  Roach x4  
  144  7:54  Zergling x14  
  156  8:05  Drone x2  
  152  8:10  Hydralisk x2  
  152  8:11  Hydralisk  
  152  8:12  Overlord x2  
  158  8:17  Adaptive Talons  
  158  8:22  Hatchery  
  155  8:28  Roach x2  
  155  8:32  Hydralisk x3  
  155  8:34  Roach x3  
  170  8:38  Roach x2  
  174  8:43  Overlord x2  
  174  8:48  Overlord x2  
  174  8:56  Lurker  
  174  8:57  Overlord  
  175  9:05  Viper x2  
  175  9:06  Lurker x2  
  175  9:07  Lurker x2  
  185  9:11  Extractor  
  185  9:12  Extractor  
  185  9:14  Seismic Spines  
  183  9:18  Hydralisk  
  183  9:19  Hydralisk x2  
  183  9:20  Zergling x20  
  199  9:29  Zerg Missile Weapons Level 2  
  191  9:38  Hatchery  
  190  9:45  Overseer  
  190  9:46  Zerg Ground Armor Level 2  
  190  9:48  Spore Crawler  
  190  9:52  Lurker  
  190  9:57  Nydus Network  
  187  10:05  Lurker x2  
  187  10:06  Lurker  
  190  10:08  Spore Crawler  
  190  10:09  Spore Crawler  
  188  10:14  Drone  
  188  10:15  Drone  
  187  10:29  Drone x4  
  187  10:30  Hydralisk x3  
  197  10:37  Drone x2  
  199  10:46  Lair  
  186  10:59  Hydralisk x4  
  186  11:00  Hydralisk, Lurker  
  186  11:01  Lurker  
  186  11:04  Drone x2, Extractor  
  191  11:16  Hydralisk x2  
  191  11:18  Hatchery  
  192  11:22  Hydralisk x2  
  194  11:30  Drone  
  194  11:31  Drone x3  
  196  11:37  Drone x2  
  196  11:39  Lurker x3  
  200  11:46  Hydralisk x2  
  180  11:47  Drone  
  180  11:48  Drone x4  
  180  11:49  Extractor  
  180  11:51  Extractor  
  180  11:52  Drone x3  
  180  11:53  Lurker x4, Spore Crawler  
  180  11:54  Extractor  
  188  11:55  Hive  
  188  11:59  Drone  
  189  12:03  Overseer  
  189  12:04  Drone  
  189  12:08  Drone  
  191  12:18  Lurker x3  
  194  12:24  Grooved Spines  
  194  12:25  Overseer  
  194  12:41  Hydralisk x2  
  194  12:53  Drone  
  194  12:54  Extractor  
  194  12:58  Hydralisk  
  194  12:59  Hydralisk  
  194  13:00  Pneumatized Carapace  
  194  13:01  Overseer x2  
  194  13:03  Zergling x4  
  194  13:18  Hydralisk x4  
  191  13:29  Hydralisk x2, Overseer  
  191  13:31  Lurker  
  191  13:32  Zergling x14  
  191  13:34  Hatchery  
  192  13:35  Muscular Augments  
  192  13:37  Overseer  
  187  13:41  Drone x3  
  187  13:48  Hydralisk x3  
  182  13:50  Hydralisk  
  182  13:53  Zergling x2  
  191  13:56  Nydus Canal  
  191  13:59  Hydralisk x2  
  191  14:01  Lurker x3  
  191  14:02  Lurker x5  
  197  14:11  Lurker  
  197  14:13  Nydus Canal  
  198  14:18  Overlord x2, Extractor  
  198  14:19  Extractor, Overlord x2  
  179  14:34  Hydralisk x2, Nydus Canal  
  179  14:37  Lurker x5  
  188  14:40  Zergling x22  
  196  14:52  Zergling x8  
  185  14:53  Zergling x8  
  185  14:54  Nydus Canal  
  183  15:03  Zergling x14  
  183  15:06  Lurker x2  
  189  15:07  Hydralisk  
  189  15:12  Nydus Canal  
  189  15:13  Zergling x6  
  186  15:18  Hydralisk x3  
  177  15:25  Zerg Ground Armor Level 3, Zerg Missile Weapons Level 3  
  177  15:26  Hydralisk x3  
  160  15:30  Hydralisk x2  
  160  15:32  Overseer  
  145  15:36  Hydralisk x7  
  145  15:37  Zergling x2  
  145  15:38  Zergling x4  
  156  15:43  Hydralisk x2, Spore Crawler  
  156  15:45  Nydus Canal  
  153  15:50  Hydralisk  
  153  15:51  Hydralisk x4  
  153  15:54  Hatchery  
  153  15:55  Lurker x6  
  168  16:01  Hydralisk x2  
  168  16:03  Zergling x2  
  173  16:05  Zergling x12  
  176  16:13  Lurker x4  
  176  16:14  Lurker  
  176  16:15  Lurker  
  176  16:16  Zergling x12  
  185  16:22  Zergling x8  
  185  16:24  Hydralisk  
  191  16:26  Lurker x3  
  191  16:27  Zergling x2  
  161  16:41  Hydralisk x4  
  161  16:43  Zergling x16  
  174  16:50  Hydralisk x2  
  174  16:54  Zergling x2  
  179  16:56  Hydralisk  
  179  16:58  Hydralisk x2  
  179  16:59  Hydralisk  
  184  17:01  Zergling x4  
  184  17:02  Zergling x4  
  184  17:03  Nydus Canal  
  184  17:08  Hydralisk x3  
  171  17:13  Zergling x6  
  162  17:19  Hydralisk x2  
  162  17:20  Zergling x2  
  167  17:24  Hydralisk x4  
  167  17:28  Hydralisk x3  
  170  17:30  Lurker  
  155  17:38  Lurker  
  155  17:39  Lurker  
  155  17:41  Lurker x5  
  159  17:45  Zergling x4  
  159  17:48  Lurker  
  159  17:49  Lurker  
  159  17:50  Lurker x4  
  163  17:52  Zergling x2  
Show
View Real Time Build Order
Export as new Build Order

Maru Terran - Winner!

Build Orders: Reaper Expand, Hellion Banshee 

Get SALT Encoding   

  12  0:00  SCV  
  13  0:12  SCV  
  14  0:17  Supply Depot  
  14  0:24  SCV  
  15  0:39  Barracks  
  15  0:51  Barracks  
  15  0:54  SCV  
  16  1:04  Refinery  
  16  1:06  SCV  
  17  1:18  SCV  
  18  1:29  Marine  
  18  1:30  Orbital Command  
  19  1:50  Reaper  
  19  1:53  Command Center  
  20  1:56  SCV  
  21  2:08  SCV  
  22  2:11  Supply Depot  
  22  2:20  SCV  
  23  2:27  Factory  
  23  2:32  SCV  
  24  2:45  SCV  
  24  2:46  Command Center  
  25  2:57  SCV  
  26  3:05  Orbital Command  
  26  3:09  SCV  
  26  3:10  Factory Reactor  
  26  3:11  Refinery  
  27  3:21  Starport, SCV  
  28  3:33  SCV  
  29  3:34  SCV  
  29  3:37  Barracks Tech Lab  
  30  3:45  SCV  
  30  3:46  SCV  
  30  3:48  Hellion x2  
  36  3:57  SCV, Viking  
  36  3:58  SCV  
  36  3:59  Orbital Command  
  40  4:05  Supply Depot  
  40  4:09  SCV  
  41  4:10  SCV  
  41  4:11  Hellion  
  41  4:13  Hellion  
  46  4:21  SCV  
  46  4:22  SCV  
  48  4:29  SCV  
  49  4:32  Barracks Tech Lab  
  49  4:33  Hellion, SCV  
  49  4:35  Hellion, SCV  
  49  4:36  Banshee  
  49  4:38  Supply Depot  
  58  4:41  SCV  
  59  4:45  SCV  
  59  4:51  Marine  
  59  4:52  Stimpack, Barracks  
  61  4:53  SCV  
  61  4:56  Barracks  
  60  5:03  SCV  
  60  5:05  SCV  
  62  5:07  Supply Depot, Bunker, Engineering Bay, Orbital Command  
  62  5:08  Engineering Bay  
  62  5:10  Refinery  
  62  5:11  Factory Tech Lab  
  62  5:15  SCV  
  62  5:17  SCV  
  62  5:18  Barracks  
  64  5:22  Barracks  
  64  5:27  SCV, Marine  
  66  5:29  SCV  
  66  5:32  Starport Reactor  
  66  5:33  SCV  
  66  5:39  SCV  
  66  5:41  SCV  
  65  5:43  Siege Tank  
  65  5:45  Terran Infantry Armor Level 1, SCV, Terran Infantry Weapons Level 1, Marine  
  67  5:52  SCV  
  67  5:53  SCV  
  66  5:57  Barracks Reactor, SCV  
  66  6:02  Refinery, Marine  
  66  6:04  SCV  
  69  6:05  SCV  
  69  6:10  Barracks Reactor  
  70  6:11  SCV  
  70  6:16  Supply Depot, SCV  
  70  6:17  SCV, Siege Tank  
  76  6:18  Marine x3  
  76  6:20  Marine  
  76  6:23  Supply Depot, SCV  
  81  6:27  Medivac  
  81  6:28  SCV  
  81  6:30  SCV  
  85  6:35  Combat Shield  
  85  6:37  Marine x5  
  85  6:38  SCV  
  91  6:40  SCV  
  91  6:42  Supply Depot  
  91  6:43  SCV  
  93  6:49  Supply Depot x2, Medivac  
  93  6:50  Marine  
  93  6:51  Marine x2  
  93  6:54  Siege Tank  
  101  6:55  SCV, Marine x3  
  101  6:56  SCV x2  
  101  6:58  Concussive Shells  
  101  6:59  Marine x2  
  109  7:07  SCV  
  110  7:09  SCV x2  
  110  7:10  Medivac  
  110  7:12  Supply Depot  
  110  7:13  Supply Depot  
  116  7:15  Marauder  
  116  7:16  Supply Depot  
  116  7:17  Marauder  
  116  7:19  SCV  
  119  7:24  SCV  
  119  7:28  Armory  
  120  7:30  SCV  
  120  7:35  SCV  
  124  7:37  Marauder, Marine x5  
  124  7:38  Marine  
  124  7:42  Siege Tank, Command Center  
  133  7:47  SCV  
  133  7:51  Marauder  
  136  7:53  Factory  
  136  7:54  Refinery x2  
  136  7:55  SCV x2, Marine x3  
  141  7:59  SCV  
  141  8:06  Marine x4  
  141  8:11  Marine  
  141  8:12  Supply Depot  
  146  8:14  Siege Tank  
  146  8:19  Supply Depot  
  149  8:23  Marine x3  
  149  8:24  Marine  
  149  8:25  Marauder  
  153  8:29  Terran Infantry Weapons Level 2  
  153  8:30  Marauder  
  153  8:32  Marine  
  155  8:37  Supply Depot  
  155  8:40  Factory Tech Lab  
  155  8:46  Marauder  
  155  8:47  Marine x3  
  160  8:49  Medivac x2  
  160  8:51  Marauder, Barracks  
  160  8:52  Barracks  
  160  8:54  Barracks  
  166  8:59  Siege Tank  
  169  9:08  Marauder, Marine x3  
  169  9:09  Marine x2  
  175  9:11  Terran Infantry Armor Level 2  
  175  9:12  Terran Vehicle Weapons Level 1  
  175  9:13  Marauder, SCV x2  
  178  9:25  Medivac x2, Marine x2  
  178  9:30  Marauder  
  185  9:34  Marauder  
  185  9:38  Missile Turret, SCV x3  
  189  9:39  Refinery  
  189  9:40  Refinery  
  190  9:46  Barracks Tech Lab x3  
  190  9:48  Orbital Command  
  190  9:50  SCV x3  
  190  9:51  Marauder  
  195  9:59  Siege Tank  
  196  10:05  Sensor Tower, Viking x2  
  196  10:18  Supply Depot  
  196  10:19  Ghost Academy  
  196  10:23  Command Center  
  193  10:38  Siege Tank  
  193  10:39  Siege Tank  
  169  11:04  SCV x4  
  169  11:05  Ghost x2  
  169  11:06  Personal Cloaking, Ghost x2  
  169  11:10  Siege Tank  
  182  11:12  Siege Tank, Terran Infantry Weapons Level 3  
  182  11:16  SCV  
  177  11:19  Command Center  
  177  11:21  Ghost  
  177  11:24  Terran Vehicle Weapons Level 2  
  179  11:28  Armory  
  177  11:34  Ghost  
  175  11:46  Ghost x3  
  168  11:50  Refinery  
  168  11:53  Ghost  
  160  11:54  Marine x2  
  160  11:56  Marine x4  
  166  12:03  Marauder  
  166  12:04  Sensor Tower  
  168  12:12  Missile Turret, Marine x2  
  168  12:14  Missile Turret, Marine x3  
  168  12:15  Marauder  
  175  12:22  Terran Vehicle And Ship Armor Level 1  
  175  12:23  Terran Infantry Armor Level 3  
  175  12:24  Planetary Fortress  
  175  12:35  Ghost  
  175  12:36  Command Center, Ghost  
  177  12:40  Command Center x2  
  177  12:42  Refinery x2  
  170  12:55  Siege Tank  
  170  12:56  Siege Tank  
  173  13:01  Orbital Command  
  162  13:21  Marauder x5, Marine x6  
  178  13:28  Siege Tank x2  
  180  13:38  Marine  
  181  13:41  Ghost  
  183  13:51  Terran Vehicle Weapons Level 3  
  183  13:56  Orbital Command  
  183  13:59  Factory  
  183  14:00  Siege Tank x2  
  183  14:01  Planetary Fortress  
  183  14:02  Orbital Command  
  189  14:08  Ghost  
  189  14:09  Enhanced Shockwaves  
  187  14:15  Ghost  
  189  14:32  Siege Tank x2  
  192  14:52  Liberator x2  
  192  15:02  Marine x2  
  192  15:03  Marauder x2, Marine x2  
  197  15:14  Siege Tank  
  197  15:24  SCV x3  
  194  15:28  Nuke  
  194  15:33  Siege Tank  
  177  15:37  SCV  
  177  15:40  Medivac x2  
  182  15:45  Ghost  
  184  15:52  Terran Vehicle And Ship Armor Level 2  
  184  16:01  SCV x3  
  184  16:02  SCV  
  188  16:13  Medivac x2  
  188  16:21  Siege Tank  
  188  16:26  Siege Tank  
  173  16:43  Medivac x2, Refinery, Command Center  
  173  16:46  Ghost x5  
  187  16:55  Orbital Command  
  184  17:13  Medivac x2  
  184  17:14  Ghost x3  
  184  17:15  Siege Tank, Ghost  
  190  17:18  Marine x3  
  190  17:19  Marauder, Marine  
  195  17:26  SCV  
  195  17:27  SCV x3  
  199  17:36  Marine x2  
  198  17:58  Command Center  
  198  18:00  Command Center  

Tags
 
Add a new tag
Caveats
  • Supply blocks, unpowered buildings, or Contaminate may cause inaccurate times.
  • Supply counts are checked every 10 seconds.